 Dungeon Crawl Stone Soup version 0.32-a0-411-g744942f433 (webtiles) character file.

Game seed: 4091076807618165851

2611 lunkers the Skirmisher (level 9, -6/61 HPs)
             Began as a Coglin Hunter on Feb 21, 2024.
             Was an Initiate of Gozag.
             Mangled by a yak (11 damage)
             ... on level 5 of the Dungeon.
             The game lasted 00:06:40 (4774 turns).

lunkers the Skirmisher (Coglin Hunter)              Turns: 4774, Time: 00:06:40

Health: -6/61      AC:  6    Str: 20    XL:     9   Next: 60%
Magic:  9/9        EV: 11    Int:  8    God:    Gozag
Gold:   611        SH:  0    Dex: 20    Spells: 8/8 levels left

rFire   + . .        i - +1 sling {Hugo}
rCold   + . .        k - +0 sling {Esmond}
rNeg    . . .        h - +0 ring mail
rPois   .            (no helmet)
rElec   .            a - +0 cloak of Prudence {rF+}
rCorr   .            (no gloves)
SInv    .            (no boots)
Will    .....        (no amulet)
Stlth   +            m - +6 ring of strength
HPRegen 0.30/turn    t - ring of protection from cold
MPRegen 0.11/turn

%: no passive effects
@: gold aura, immotile, revving
A: off-hand wielding, slow wielding, warmup strikes, legs shutdown
a: Renounce Religion, Potion Petition, Call Merchant, Bribe Branch


You were on level 5 of the Dungeon.
You worshipped Gozag.
Gozag was pleased with you.
You visited 2 branches of the dungeon, and saw 6 of its levels.
You also visited: Ossuary.

You collected 682 gold pieces.
You paid 71 gold pieces to Gozag.

Inventory:

Hand Weapons
 i - a +1 sling (weapon) {Hugo}
 k - a +0 sling (offhand) {Esmond}
Armour
 a - the +0 cloak of Prudence (worn) {rF+}
   (You acquired it in an ossuary)

   rF+:       It protects you from fire.
 h - a +0 ring mail (worn)
 j - a +0 crystal plate armour
Jewellery
 d - a +4 ring of slaying
 m - a +6 ring of strength (left grasper)
 t - a ring of protection from cold (right grasper)
Wands
 r - a wand of flame (3)
Scrolls
 b - a scroll of butterflies
 c - 2 scrolls of silence {unknown}
 l - 2 scrolls of amnesia
 p - 2 scrolls of revelation
 u - a scroll of enchant weapon
Potions
 f - 5 potions of curing
 g - 2 potions of enlightenment
 n - 2 potions of brilliance {unknown}
 o - 2 potions of berserk rage {unknown}
 q - 3 potions of attraction
 v - a potion of lignification {unknown}
 w - 2 potions of heal wounds {unknown}
 x - a potion of degeneration {unknown}
 z - 4 potions of might
 A - a potion of magic {unknown}
 B - a potion of resistance {unknown}


   Skills:
 - Level 2.0 Fighting
 + Level 11.5 Ranged Weapons
 - Level 1.7 Dodging
 - Level 0.7 Stealth
 - Level 6.0 Evocations


You had 8 spell levels left.
You didn't know any spells.
Your spell library contained the following spells:

 Spells                   Type           Power      Damage    Failure   Level
 Slow                     Hex            0%         N/A       58%         1
 Confusing Touch          Hex            0%         N/A       92%         3
 Sigil of Binding         Hex            0%         N/A       92%         3
 Vampiric Draining        Necr           0%         2d6       92%         3


Dungeon Overview and Level Annotations

Branches:
Dungeon (5/15)             Temple (1/1) D:4         Ossuary (visited)

Altars:
Ashenzari
Cheibriados
Dithmenos
Elyvilon
Fedhas
Gozag
Hepliaklqana
Makhleb
Nemelex Xobeh
Qazlal
Ru
Sif Muna
Uskayaw
Vehumet
Wu Jian
Xom
Yredelemnul
Zin
The Shining One

Annotations:
Temple 2 transporters


Innate Abilities, Weirdness & Mutations

You can wield a second weapon in your off-hand.
It takes a long time for you to wield or remove held weapons.
Your first few attacks do less damage.
Attacking and casting redirects power from your legs.


Message History

The yak is moderately wounded.
You shoot a sling bullet. The sling bullet hits the yak!
The yak is heavily wounded.
The yak gores you!
* * * LOW HITPOINT WARNING * * *
The yak is distracted by your dazzling golden aura.
The yak bellows!
Fire: i) +1 sling {Hugo}
Press: ? - help, Q - select action, (/) - cycle Shift-Dir - straight line, f/p - yak
Aim: a yak (heavily wounded, 76% to hit)
You shoot a sling bullet. The sling bullet barely misses the yak.
The sling bullet hits the yak.
The yak is no longer distracted by gold.
The yak is lightly wounded.
You shoot a sling bullet. The sling bullet hits the yak.
The yak is severely wounded.
The yak closely misses you.
Unknown command.
Okay, then.
You feel better. The yak barely misses you.
Aiming: Throw Flame
Press: ? - help, Shift-Dir - straight line, f/p - yak
Aim: a yak (severely wounded, 84% to hit)
The puff of flame hits the yak!
The yak is almost dead.
The yak gores you.
* * * LOW HITPOINT WARNING * * *
Aiming: Throw Flame
Press: ? - help, Shift-Dir - straight line, f/p - yak
Aim: a yak (almost dead, 84% to hit)
The puff of flame hits the yak.
You kill the yak!
Aiming: Throw Flame
Press: ? - help, Shift-Dir - straight line, f - yak
Aim: a yak (lightly wounded, 84% to hit)
The puff of flame hits the yak.
The yak is lightly wounded.
The yak gores you!
You die...
Your body crumbles into a pile of gold.

## #. #.######. #.
#........ #Y .
#.###.##. #Y
#.##.###.### #.
.........## #.
#.##...ß..##
#.########. #).....##
#.$Y@...##.##.ß...ß##
#.#####.##...........
#. #..........ß..##
.. #..##.##........
### #..##.........##
#..##...........
#..##......#####
#..##...##.#
#..##....<.#


You could see a yak.

Vanquished Creatures
  Pikel (D:5)
  Grinder (D:4)
  5 yaks (D:5)
  A water moccasin (D:5)
  A black bear (D:5)
  2 centaurs
  2 lemures (D:5)
  A kobold brigand (D:5)
  A bullfrog zombie (Ossuary)
  2 hounds (D:5)
  Crazy Yiuf (D:4)
  2 jellies (D:5)
  Natasha (twice) (D:4)
  An orc wizard (D:3)
  4 crocodile zombies (Ossuary)
  4 hound zombies (Ossuary)
  6 mummies (Ossuary)
  5 howler monkey zombies (Ossuary)
  4 gnolls (D:3)
  7 adders
  A dart slug (D:4)
  3 ribbon worms
  14 orcs
  5 ball pythons
  7 endoplasms
  2 giant cockroaches
  A goblin (D:2)
  8 hobgoblins
  16 jackals
  6 kobolds
  4 quokkas
  4 ball python zombies (Ossuary)
  6 bats
  2 frilled lizards
  2 rats
134 creatures vanquished.

Notes
Turn   | Place    | Note
-------+----------+-------------------------------------------
     0 | D:1      | lunkers the Coglin Hunter began the quest for the Orb.
     0 | D:1      | Reached XP level 1. HP: 16/16 MP: 1/1
    93 | D:1      | Reached skill level 4 in Ranged Weapons
    93 | D:1      | Reached XP level 2. HP: 22/22 MP: 2/2
   290 | D:1      | Reached XP level 3. HP: 27/27 MP: 3/3
   773 | D:2      | Reached skill level 5 in Ranged Weapons
   773 | D:2      | Reached XP level 4. HP: 33/33 MP: 4/4
   982 | D:2      | Found a faded altar of an unknown god.
  1473 | D:3      | Reached XP level 5. HP: 38/38 MP: 5/5
  1749 | D:3      | Noticed a centaur
  1754 | D:3      | Killed a centaur
  1755 | D:3      | Reached skill level 6 in Ranged Weapons
  1758 | D:3      | Reached XP level 6. HP: 14/44 MP: 6/6
  1981 | D:3      | Reached skill level 1 in Evocations
  2423 | D:4      | Found a staircase to the Ecumenical Temple.
  2438 | Temple   | Found a transporter.
  2438 | Temple   | Found a transporter.
  2438 | Temple   | Found a transporter.
  2438 | Temple   | Found a transporter.
  2438 | Temple   | Entered the Ecumenical Temple
  2451 | Temple   | Became a worshipper of Gozag Ym Sagoz the Greedy
  2498 | D:4      | Found Xausol's General Store.
  2635 | D:4      | Noticed Grinder
  2640 | D:4      | Paralysed by Grinder for 5 turns
  2655 | D:4      | Killed Grinder
  2656 | D:4      | Reached skill level 7 in Ranged Weapons
  2656 | D:4      | Reached XP level 7. HP: 11/50 MP: 7/7
  2921 | D:4      | Noticed Natasha
  2925 | D:4      | Killed Natasha
  2959 | D:4      | Noticed Natasha
  2967 | D:4      | Killed Natasha
  3227 | D:4      | Found a runed translucent door.
  3228 | D:4      | Noticed Crazy Yiuf
  3236 | D:4      | Killed Crazy Yiuf
  3412 | D:5      | Entered Level 5 of the Dungeon
  3420 | D:5      | Found a sand-covered staircase.
  3432 | Ossuary  | Entered an ossuary
  3450 | Ossuary  | Reached skill level 5 in Evocations
  3554 | Ossuary  | Reached XP level 8. HP: 40/56 MP: 8/8
  3814 | Ossuary  | Reached skill level 8 in Ranged Weapons
  3965 | Ossuary  | Identified a scroll of acquirement
  3966 | Ossuary  | Acquired the +0 cloak of Prudence {rF+}
  4272 | D:5      | Reached skill level 9 in Ranged Weapons
  4313 | D:5      | Noticed Pikel
  4339 | D:5      | Killed Pikel
  4340 | D:5      | Reached skill level 10 in Ranged Weapons
  4340 | D:5      | Reached XP level 9. HP: 47/61 MP: 9/9
  4761 | D:5      | Reached skill level 11 in Ranged Weapons
  4774 | D:5      | Mangled by a yak

Illustrated notes

Levels and vault maps discovered:
D:1:      lightli_arrival_chessboard, layout_basic
D:2:      layout_rooms, dreamdust_ecumenical_altar_grove
D:3:      layout_loops_corners
D:4:      layout_loops_ring, minmay_temple_entry_ruins, serial_shops,
          nicolae_shop_tiny_statue_garden, hex_large, uniq_crazy_yiuf_cottage,
          uniq_natasha, uniq_grinder
D:5:      layout_loops_ring, nicolae_ossuary_entry_monument, uniq_pikel
Temple:   hellmonk_temple_divided_pantheon

Skill      XL: |  1  2  3  4  5  6  7  8  9 |
---------------+----------------------------+-----
Ranged Weapons | 4 5 6 7 10 11 | 11.5
Evocations     | 3 5 6 |  6.0
Fighting       | |  2.0
Dodging        | |  1.7
Stealth        | |  0.7

Action                     |  1- 3 |  4- 6 |  7- 9 || total
---------------------------+-------+-------+-------++-------
   Fire: Shortbow          |    83 |       |       ||    83
         Sling             |    12 |   306 |   506 ||   824
  Evoke: Wand              |       |       |     3 ||     3
    Use: Scroll            |       |       |    12 ||    12
         Potion            |       |       |     1 ||     1
 Armour: Leather armour    |    22 |       |       ||    22
         Ring mail         |     7 |    15 |    95 ||   117
         Crystal plate arm |       |    77 |       ||    77
  Dodge: Dodged            |    41 |    19 |    84 ||   144

Table legend: (Time is in decaauts)
 A = Elapsed time spent in this place.
 B = Non-inter-level travel time spent in this place.
 C = Inter-level travel time spent in this place.
 D = Time resting spent in this place.
 E = Time spent auto-exploring this place.
 F = Levels seen in this place.
 G = Mean time per level.
                   A        B        C        D        E       F      G
               +--------+--------+--------+--------+--------+-----+--------+
         Total |   4947 |   4713 |    234 |     70 |   3608 |   7 |  706.7 |
       Dungeon |   4299 |   4067 |    232 |     70 |   3192 |   5 |  859.8 |
        Temple |     30 |     28 |      2 |      0 |      0 |   1 |   30.0 |
       Ossuary |    616 |    616 |      0 |      0 |    416 |   1 |  616.0 |
               +--------+--------+--------+--------+--------+-----+--------+

Top non-repeatable levels by time:
     D:3: 1009 daAuts
     D:4: 983 daAuts
     D:2: 825 daAuts
     D:5: 795 daAuts
     D:1: 686 daAuts
 Ossuary: 616 daAuts
  Temple: 30 daAuts
